 Dungeon Crawl Stone Soup version 0.30-a0-528-g8c47a4955b (webtiles) character file.

Game seed: 6127081380937398658

98864 xzight the Eclecticist (level 15, -4/100 HPs)
             Began as a Deep Elf Fire Elementalist on Dec 23, 2022.
             Was an Elder of Ashenzari.
             Slain by a sun moth (26 damage)
             ... on level 1 of the Spider Nest.
             The game lasted 02:00:40 (36961 turns).

xzight the Eclecticist (DEFE)                      Turns: 36961, Time: 02:00:41

Health: -4/100     AC:  6    Str:  6    XL:     15   Next: 76%
Magic:  8/56       EV: 20    Int: 34    God:    Ashenzari [****..]
Gold:   573        SH: 11    Dex: 20    Spells: 37/49 levels left

rFire   + . .      SeeInvis +    d - staff of poison {!a}
rCold   . . .      Faith    .    H - +0 kite shield "Share My Trepidation" {Alch, Evo} (curse)
rNeg    + + +      Spirit   .    G - +6 leather armour of Ashenzari's Elitism {rN+, Self, Elem} (curse)
rPois   +          Reflect  .    I - +1 helmet "Share My Submission" {Will+ MP+9 Str+3, Bglg, Comp} (curse)
rElec   +          Harm     .    w - +0 cloak of Ashenzari's Portent {Comp, Elem} (curse)
rCorr   +          Rampage  .    y - +0 pair of gloves "Vexation of Ashenzari" {Elem, Range} (curse)
Will    ++...      Clarity  +    t - +0 pair of boots of the Tethered Sphere {Cun, Bglg} (curse)
Stlth   ++                       (no amulet)
HPRegen 0.36/turn                N - ring "Nuopnose" {rN++ rCorr MP+9 Str-2 Stlth+}
MPRegen 0.35/turn                L - ring of Rationality {rElec rF+ Int+6 Dex+5}

@: corroded, glowing
A: no striking features
a: Renounce Religion, Shatter the Chains


You were on level 1 of the Spider Nest.
You worshipped Ashenzari.
Ashenzari was greatly pleased with you.
You visited 5 branches of the dungeon, and saw 24 of its levels.
You also visited: Gauntlet.

You collected 2373 gold pieces.
You spent 1800 gold pieces at shops.


   Skills:
 - Level 12.1(14.0) Fighting
 - Level 2.4 Armour
 + Level 13.4(15.3) Dodging
 - Level 2.4(4.0) Stealth
 + Level 6.4 Shields
 + Level 15.9(17.7) Spellcasting
 - Level 14.1(17.0) Conjurations
 - Level 1.0(2.6) Hexes
 - Level 0.8(2.3) Summonings
 - Level 0.9(2.5) Necromancy
 - Level 3.2(5.7) Translocations
 - Level 0.2(0.7) Transmutations
 - Level 10.1(14.0) Fire Magic
 - Level 0.3(1.4) Ice Magic
 - Level 0.2(1.1) Air Magic
 - Level 5.7(9.5) Earth Magic
 - Level 0.2(0.7) Poison Magic
 - Level 4.7(6.6) Evocations


You had 37 spell levels left.
You knew the following spells:

 Your Spells              Type           Power      Damage    Failure   Level
a - Foxfire               Conj/Fire      100%       2x1d9     0%          1
b - Scorch                Fire           100%       2d10      1%          2
c - Stone Arrow           Conj/Erth      100%       3d13      1%          3
d - Flame Wave            Conj/Fire      94%        2d20      1%          4
e - Blink                 Tloc           100%       N/A       1%          2

Your spell library contained the following spells:

 Spells                   Type           Power      Damage    Failure   Level
 Apportation              Tloc           100%       N/A       1%          1
 Kiss of Death            Conj/Necr      100%       2d13      1%          1
 Necrotise                Necr           100%       1d9       1%          1
 Sandblast                Erth           100%       2d20      1%          1
 Slow                     Hex            100%       N/A       1%          1
 Momentum Strike          Conj/Tloc      100%       3d10      1%          2
 Passwall                 Tmut/Erth      50%        N/A       1%          2
 Dazzling Flash           Conj/Hex       100%       N/A       1%          3
 Gell's Gravitas          Tloc           62%        N/A       1%          3
 Hailstorm                Conj/Ice       75%        3d15      1%          3
 Inner Flame              Hex/Fire       72%        N/A       1%          3
 Kindle Blastsparks       Fire/Tloc/Air  100%       2d18      1%          3
 Lesser Beckoning         Tloc           100%       N/A       1%          3
 Teleport Other           Tloc           62%        N/A       1%          3
 Freeze                   Ice            100%       1d10      2%          1
 Confusing Touch          Hex            48%        N/A       4%          3
 Vampiric Draining        Necr           47%        2d9       5%          3
 Frozen Ramparts          Ice            80%        1d13      8%          3
 Dispel Undead            Necr           47%        3d18      17%         4
 Summon Ice Beast         Ice/Summ       43%        N/A       22%         4
 Ice Form                 Ice/Tmut       37%        N/A       30%         4
 Agony                    Necr           47%        N/A       43%         5
 Silence                  Hex/Air        21%        N/A       52%         5
 Alistair's Intoxication  Tmut/Pois      34%        N/A       71%         5

Inventory:

Missiles
 E - 2 throwing nets {=f}
Armour
 t - the cursed +0 pair of boots of the Tethered Sphere (worn) {Cun, Bglg}
   (You found it on level 6 of the Dungeon)

   It has a curse which improves the following skills: Cunning: Dodging and
   Stealth.
   Beguiling: Conjurations, Hexes and Translocations.
 w - the cursed +0 cloak of Ashenzari's Portent (worn) {Comp, Elem}
   (You found it on level 6 of the Dungeon)

   It has a curse which improves the following skills: Companions: Summonings
   and Necromancy.
   Elements:  Fire Magic, Ice Magic, Air Magic and Earth Magic.
 y - the cursed +0 pair of gloves "Vexation of Ashenzari" (worn) {Elem, Range}
   (You found it on level 8 of the Dungeon)

   It has a curse which improves the following skills: Elements: Fire Magic, Ice
   Magic, Air Magic and Earth Magic.
   Ranged Combat: Ranged Weapons and Throwing.
 F - a +2 pair of gloves
 G - the cursed +6 leather armour of Ashenzari's Elitism (worn) {rN+, Self, Elem}
   (You bought it in a shop on level 11 of the Dungeon)

   rN:        It protects you from negative energy.
   It has a curse which improves the following skills: Introspection: Fighting
   and Spellcasting.
   Elements:  Fire Magic, Ice Magic, Air Magic and Earth Magic.
 H - the cursed +0 kite shield "Share My Trepidation" (worn) {Alch, Evo}
   (You took it off a gnoll sergeant on level 10 of the Dungeon)

   It has a curse which improves the following skills: Alchemy: Poison Magic and
   Transmutations.
   Evocations: Evocations.
 I - the cursed +1 helmet "Share My Submission" (worn) {Will+ MP+9 Str+3, Bglg, Comp}
   (You bought it in a shop on level 2 of the Orcish Mines)

   Str:       It affects your strength (+3).
   MP:        It affects your magic capacity (+9).
   Will:      It increases your willpower.
   It has a curse which improves the following skills: Beguiling: Conjurations,
   Hexes and Translocations.
   Companions: Summonings and Necromancy.
Magical Staves
 a - a staff of conjuration {!a}
 b - a staff of earth {!a}
 d - a staff of poison (weapon) {!a}
Jewellery
 L - the ring of Rationality (right hand) {rElec rF+ Int+6 Dex+5}
   (You found it on level 5 of the Lair of Beasts)

   [ring of intelligence]

   Int:       It affects your intelligence (+6).
   Dex:       It affects your dexterity (+5).
   rF:        It protects you from fire.
   rElec:     It insulates you from electricity.
 N - the ring "Nuopnose" (left hand) {rN++ rCorr MP+9 Str-2 Stlth+}
   (You bought it in a shop on level 1 of the Orcish Mines)

   [ring of magical power]

   Str:       It affects your strength (-2).
   rN:        It greatly protects you from negative energy.
   MP:        It affects your magic capacity (+9).
   rCorr:     It protects you from acid and corrosion.
   Stlth:     It makes you more stealthy.
Wands
 c - a wand of charming (8)
 u - a wand of flame (58)
 v - a wand of roots (7)
 C - a wand of mindburst (14)
 R - a wand of digging (4)
 S - a wand of polymorph (16)
Scrolls
 e - 4 scrolls of enchant armour
 g - 3 scrolls of fear
 i - 4 scrolls of silence {!r}
 j - 5 scrolls of poison
 l - 3 scrolls of amnesia
 m - 7 scrolls of teleportation {@r2}
 o - 4 scrolls of fog
 p - 5 scrolls of immolation
 q - a scroll of blinking
 z - a scroll of magic mapping
 A - 2 scrolls of enchant weapon
 D - a scroll of butterflies
 O - a scroll of brand weapon
Potions
 f - 7 potions of attraction
 h - 2 potions of might
 k - 3 potions of berserk rage {!q}
 n - 5 potions of curing {@q1}
 r - 4 potions of mutation
 s - a potion of flight
 x - 4 potions of brilliance
 B - a potion of cancellation
 J - 3 potions of invisibility
 K - a potion of heal wounds {@q2}
 M - a potion of magic
 P - 2 potions of ambrosia
 Q - a potion of resistance

Dungeon Overview and Level Annotations

Branches:
Dungeon (15/15)            Temple (1/1) D:5            Lair (5/5) D:8
  Swamp (0/4) Lair:3       Spider (1/4) Lair:2        Slime (0/5) Lair:5
    Orc (2/2) D:9             Elf (0/3) Orc:2        Vaults (0/5) D:13
 Depths (0/4) D:15        Gauntlet (visited)

Altars:
Ashenzari
Cheibriados
Dithmenos
Elyvilon
Fedhas
Gozag
Hepliaklqana
Kikubaaqudgha
Makhleb
Nemelex Xobeh
Okawaru
Qazlal
Ru
Sif Muna
Vehumet
Wu Jian
Xom
Yredelemnul
Zin
The Shining One
Jiyva
Lugonu

Shops:
D:8 *   D:11 [   Orc:1 =   Orc:2 [(*[=

Portals:
Abyss: Lair:5

Annotations:
D:9 2 transporters, xzight's ghost, journeyman DEFE
D:10 1 runed translucent door, exclusion: two-headed ogre, sirJeffrey23's ghost, journeyman DsFi
Lair:1 exclusions: death yak, 2 sensed monsters (detected) and 1 more exclusion
Lair:3 3 runed translucent doors, Memioteh's ghost, journeyman DsMo

##.^..###..s.#{,
* * *
#...####...†##*
, * *,
..###.##.###.# *
,* * ......#..#
##○#* { ,* *,
#....###.# #.#*
*** * , #...##
#.### #).. ,
##### #.#.#
#†s.# * ,,
####..#####y## *
#.#........s@# ,
##...###.#####*
** ##...#######
{***, * *
##...##......,
∆, * , ,
#...#........
,,, ,
##......###..*
{,, *
#.......#**** ,
,, ** #..##.###
* ** ,, *
####...### ,* ,
, *


You could see a sun moth, a demonic crawler (catching breath) and a jumping
spider.


Message History

(Press . to intensify the flame waves.)
You are covered in liquid flames!
* * * LOW HITPOINT WARNING * * *
The sun moth barely misses you.
The entropy weaver casts a spell at you.
The entropic weave corrodes you!
A wave of flame ripples out!
The flame wave engulfs the sun moth!!
The sun moth resists.
The sun moth is severely wounded.
The flame wave engulfs the entropy weaver!!
You kill the entropy weaver!
The flame wave engulfs the jumping spider!!
The jumping spider is almost dead.
You are covered in liquid flames!
* * * LOW HITPOINT WARNING * * *
The sun moth throws sticky fire at you. You block the sticky flame.
The jumping spider leaps!
You block the sun moth's attack.
A wave of flame ripples out!
The flame wave engulfs the sun moth!
The sun moth resists.
The sun moth is almost dead.
The flame wave engulfs the demonic crawler!
The demonic crawler resists.
The demonic crawler is almost dead.
You finish channelling waves of flame.
You are covered in liquid flames!
* * * LOW HITPOINT WARNING * * *
The demonic crawler shrieks in warning!
The jumping spider leaps!
The sun moth bites you!!
You die...

Skill      XL: |  1  2  3  4  5  6  7  8  9 10 11 12 13 14 15 |
---------------+----------------------------------------------+-----
Spellcasting   | 4 5 6 8 10 12 13 14 15 | 15.9
Conjurations   | 2 3 4 5 6 7 8 10 11 14 | 14.1
Fire Magic     | 4 5 6 7 8 9 10 | 10.1
Dodging        | 4 5 7 9 11 12 13 | 13.4
Fighting       | 2 3 5 6 7 9 12 | 12.1
Translocations | 3 |  3.2
Earth Magic    | 4 5 |  5.7
Evocations     | 4 |  4.7
Armour         | 2 |  2.4
Shields        | 5 6 |  6.4
Hexes          | 1 |  1.0
Stealth        | |  2.4
Summonings     | |  0.8
Necromancy     | |  0.9
Transmutations | |  0.2
Ice Magic      | |  0.3
Air Magic      | |  0.2
Poison Magic   | |  0.2

Action                   |  1- 3 |  4- 6 |  7- 9 | 10-12 | 13-15 || total
-------------------------+-------+-------+-------+-------+-------++-------
Melee: Unarmed           |     1 |       |       |       |     5 ||     6
       Dagger            |    17 |     3 |    35 |     2 |    19 ||    76
       Punch             |       |       |     1 |       |       ||     1
 Cast: Foxfire           |   122 |   117 |   165 |   524 |   497 ||  1425
       Scorch            |    15 |    17 |    83 |   101 |   146 ||   362
       Flame Wave        |       |       |     4 |    17 |    88 ||   109
       Stone Arrow       |       |       |       |   129 |   296 ||   425
       Blink             |       |       |       |    11 |    14 ||    25
Invok: Curse Item        |       |       |     2 |     7 |     2 ||    11
       Shatter the Chain |       |       |       |     1 |     4 ||     5
Evoke: Wand              |       |       |       |     1 |       ||     1
  Use: Scroll            |       |     1 |     4 |     7 |     6 ||    18
       Potion            |       |       |     7 |       |     2 ||     9
Armor: Robe              |    28 |     2 |    13 |    13 |       ||    56
       Skin              |       |       |    10 |       |       ||    10
       Leather armour    |       |       |       |    36 |   117 ||   153
Dodge: Dodged            |    98 |    10 |    63 |   159 |   360 ||   690
Block: Kite shield       |       |       |       |    28 |   274 ||   302

Levels and vault maps discovered:
D:1:      kilobyte_arrival_exit_the_forest, layout_loops_ring, minmay_distorted
D:2:      layout_basic, chequers_serial_rivers_small_b
D:3:      layout_loops_cross, mainiacjoe_overflow_tiny_flanked,
          skrybe_limestone_x, minmay_pentangle, uniq_terence
D:4:      layout_loops_corners, uniq_edmund, uniq_duvessa
D:5:      layout_loops_ring, minmay_temple_entry_ruins, minivault_23
D:6:      layout_basic, gammafunk_temple_overflow_statue, grunt_potential,
          uniq_blork_the_orc
D:7:      layout_basic, mainiacjoe_overflow_chevrons, uniq_joseph, uniq_pikel,
          uniq_maggie
D:8:      layout_gridville, lair_entry_dummy, serial_shops,
          nicolae_stop_n_shop_2
D:9:      layout_basic, nicolae_overflow_hidden_temple,
          minmay_orc_entry_temple_small, gammafunk_ghost_arena
D:10:     nzn_winding_woodlands_medium [nzn_winding_woodlands_hourglass,
          nzn_winding_woodlands_5x15_crooked,
          nzn_winding_woodlands_5x5_open_star, nzn_winding_woodlands_5x5_cross,
          nzn_winding_woodlands_center_diamonds,
          nzn_winding_woodlands_5x5_perimeter,
          nzn_winding_woodlands_5x5_checkerboard,
          nzn_winding_woodlands_5x15_twine,
          nzn_winding_woodlands_5x5_closed_star], layout_loops_ring,
          ebering_ghost_funeral_grove, minmay_misc_feat_square,
          serial_park_tiny_1, hive_lemuel, uniq_psyche, uniq_nergalle
D:11:     layout_small_grid, serial_shops, shop, serial_glass, glass_columns_a,
          glass_columns_b, glass_columns_a, glass_columns_a, glass_columns_a,
          glass_columns_c, glass_columns_c, glass_columns_a, grunt_ministairs_4
D:12:     layout_big_octagon, uniq_azrael
D:13:     layout_stronghold, erik_vaults_2,
          hangedman_abyss_or_decor_lesser_grid, nrook_mini_backslash,
          vehumet_altar_wand_db
D:14:     layout_gridville, infiniplex_staircase_zigzag_4,
          chequers_serial_rivers_micro_d
D:15:     grunt_enter_depths_giant_problem, layout_long_grid,
          dreamdust_wishing_well
Temple:   eino_temple_rhombus
Lair:1:   layout_cave_pods, gauntlet_entry_generic
Lair:2:   layout_gridlike, hellmonk_spider_entry_not_the_bees,
          nicolae_lair_lakeside_cave
Lair:3:   layout_regular_city, minmay_swamp_entry_worms,
          gammafunk_ghost_hydra_chop, beast_lair_carwin_9,
          infiniplex_staircase_pool_2, uniq_kirke
Lair:4:   layout_small_grid, grunt_megastairs_5, uniq_josephine
Lair:5:   hellmonk_lair_end_abyssal_woods, layout_cave_pods,
          minmay_slime_entry_jelly_boxes
Spider:1: layout_spider_delve, nicolae_spider_jagged_tunnels
Orc:1:    layout_diamond_mine, serial_shops,
          nicolae_shop_temple_entry_statues_fountains, uniq_erolcha, uniq_urug
Orc:2:    st_orc_open, layout_caves, serial_shops, nicolae_shop_behind_doors,
          mines2_lemuel

Notes
Turn   | Place    | Note
-------+----------+-------------------------------------------
     0 | D:1      | xzight the Deep Elf Fire Elementalist began the quest for
                  | the Orb.
     0 | D:1      | Reached XP level 1. HP: 10/10 MP: 6/6
   594 | D:1      | Reached skill level 4 in Spellcasting
   594 | D:1      | Reached XP level 2. HP: 15/15 MP: 3/9
   597 | D:1      | Learned a level 2 spell: Scorch
  1128 | D:1      | Reached XP level 3. HP: 19/19 MP: 3/11
  1168 | D:1      | Reached skill level 5 in Spellcasting
  2669 | D:2      | Reached skill level 2 in Conjurations
  2911 | D:2      | Reached XP level 4. HP: 24/24 MP: 9/13
  3043 | D:3      | Found a blossoming altar of Fedhas.
  3156 | D:3      | Noticed Terence
  3167 | D:3      | Killed Terence
  3168 | D:3      | Reached skill level 4 in Fire Magic
  4058 | D:3      | Reached skill level 3 in Conjurations
  4103 | D:3      | Reached XP level 5. HP: 28/28 MP: 8/14
  4639 | D:4      | Noticed Edmund
  4652 | D:4      | Killed Edmund
  4653 | D:4      | Reached skill level 4 in Conjurations
  4653 | D:4      | Reached skill level 5 in Fire Magic
  4653 | D:4      | Reached XP level 6. HP: 32/32 MP: 6/15
  4914 | D:4      | Identified the +8 dagger of Aqosatt {elec, *Corrode rN+
                  | Stlth+}
  5140 | D:4      | Reached skill level 5 in Conjurations
  5140 | D:4      | Reached skill level 6 in Fire Magic
  5249 | D:4      | Noticed Duvessa
  5252 | D:4      | Noticed Dowan
  5256 | D:5      | Entered Level 5 of the Dungeon
  5366 | D:5      | You fall into a shaft and drop 1 floor!
  5369 | D:6      | Noticed an ice beast
  5378 | D:6      | Killed an ice beast
  5379 | D:6      | Reached XP level 7. HP: 36/36 MP: 8/16
  5511 | D:6      | Reached skill level 6 in Conjurations
  5511 | D:6      | Reached skill level 3 in Dodging
  5515 | D:6      | Reached skill level 1 in Fighting
  5702 | D:4      | Killed Duvessa
  5705 | D:4      | Killed Dowan
  5706 | D:4      | Reached skill level 2 in Fighting
  5706 | D:4      | Reached skill level 4 in Dodging
  6195 | D:5      | Found a staircase to the Ecumenical Temple.
  6202 | Temple   | Entered the Ecumenical Temple
  6313 | Temple   | Became a worshipper of Ashenzari the Shackled
  6416 | D:5      | Noticed a steam dragon
  6428 | D:5      | HP: 4/40 [steam dragon (4)]
  6434 | D:5      | Killed a steam dragon
  6435 | D:5      | Reached XP level 8. HP: 9/45 MP: 10/17
  6592 | D:5      | Learned a level 4 spell: Flame Wave
  7032 | D:6      | Reached skill level 5 in Dodging
  7173 | D:6      | Found a glowing golden altar of the Shining One.
  7173 | D:6      | Found a snail-covered altar of Cheibriados.
  7520 | D:6      | Reached skill level 3 in Fighting
  7641 | D:6      | Reached skill level 6 in Spellcasting
  7773 | D:6      | Noticed Blork the orc
  7782 | D:6      | Killed Blork the orc
  7792 | D:6      | Reached skill level 7 in Conjurations
  7901 | D:6      | Reached skill level 7 in Fire Magic
  7986 | D:6      | Reached XP level 9. HP: 52/52 MP: 12/20
  8149 | D:6      | Learned a level 2 spell: Blink
  8213 | D:6      | Reached skill level 4 in Fighting
  8464 | D:7      | Noticed Maggie
  8468 | D:7      | Reached * piety under Ashenzari
  8480 | D:7      | Killed Maggie
  8481 | D:7      | Reached skill level 6 in Dodging
  8481 | D:7      | Reached skill level 7 in Spellcasting
  8481 | D:7      | Reached skill level 1 in Translocations
  8633 | D:7      | Reached skill level 2 in Translocations
  8857 | D:7      | Noticed Pikel
  8863 | D:7      | Killed Pikel
  8864 | D:7      | Reached skill level 7 in Dodging
  8864 | D:7      | Reached skill level 3 in Translocations
  8983 | D:7      | Noticed Joseph
  8999 | D:7      | Reached skill level 8 in Fire Magic
  9173 | D:7      | Reached skill level 5 in Fighting
  9436 | D:7      | Identified the +4 short sword "Zianuh" {freeze, *Noise
                  | Str+8}
  9608 | D:7      | Found a sacrificial altar of Ru.
  9978 | D:7      | Killed Joseph
  9979 | D:7      | Reached skill level 8 in Spellcasting
  9979 | D:7      | Reached skill level 8 in Conjurations
  9979 | D:7      | Reached XP level 10. HP: 39/60 MP: 8/25
 10071 | D:7      | Learned a level 3 spell: Stone Arrow
 10106 | D:8      | Reached ** piety under Ashenzari
 10220 | D:8      | Reached skill level 1 in Earth Magic
 10407 | D:8      | Found a staircase to the Lair.
 10462 | D:8      | Found Remyaj's Assorted Antiques.
 10484 | D:8      | Reached skill level 2 in Earth Magic
 10637 | D:8      | Reached skill level 3 in Earth Magic
 10644 | D:8      | Reached skill level 4 in Earth Magic
 11052 | D:8      | Reached *** piety under Ashenzari
 11503 | D:9      | Found a staircase to the Orcish Mines.
 11539 | D:9      | Noticed a cyan ugly thing
 11556 | D:9      | Killed a cyan ugly thing
 11557 | D:9      | Reached skill level 8 in Dodging
 12054 | D:9      | Reached skill level 6 in Fighting
 12105 | D:9      | Noticed xzight's ghost (journeyman DEFE)
 12105 | D:9      | Noticed a boulder beetle
 12109 | D:9      | Found a transporter.
 12317 | D:9      | Found a transporter.
 12719 | D:10     | Entered Level 10 of the Dungeon
 12725 | D:10     | Reached skill level 9 in Dodging
 12728 | D:10     | Noticed Psyche
 12729 | D:10     | Reached XP level 11. HP: 7/68 MP: 7/27
 12729 | D:10     | HP: 2/68 [constriction (5)]
 13000 | D:10     | Killed Psyche
 13001 | D:10     | Reached skill level 9 in Spellcasting
 13183 | D:10     | Noticed a two-headed ogre
 13337 | D:10     | Reached skill level 10 in Spellcasting
 13404 | D:9      | Found an opulent altar of Gozag.
 13404 | D:9      | Found an ornate altar of the Wu Jian Council.
 13674 | D:10     | Noticed a boulder beetle
 13966 | D:10     | Noticed a two-headed ogre
 13998 | D:10     | Noticed a two-headed ogre
 14004 | D:10     | Killed a two-headed ogre
 14005 | D:10     | Reached skill level 9 in Fire Magic
 14086 | D:10     | Killed a two-headed ogre
 14207 | D:10     | Noticed Nergalle
 14218 | D:10     | Killed Nergalle
 14219 | D:10     | Reached skill level 5 in Earth Magic
 14969 | D:10     | Killed a boulder beetle
 14970 | D:10     | Reached skill level 10 in Dodging
 15187 | D:10     | Identified the +7 dire flail "Zefript" {protect, rC+}
 15239 | D:10     | Noticed a two-headed ogre
 15247 | D:10     | Killed a two-headed ogre
 15248 | D:10     | Reached skill level 7 in Fighting
 15413 | D:11     | Noticed a two-headed ogre
 15422 | D:11     | Killed a two-headed ogre
 15560 | D:11     | Reached **** piety under Ashenzari
 15729 | D:11     | Found Emudd's Armour Emporium.
 15736 | D:11     | Bought the +6 leather armour of Oczusun {rN+} for 561 gold
                  | pieces
 15899 | D:11     | Reached skill level 11 in Dodging
 16075 | D:11     | Noticed a two-headed ogre
 16084 | D:11     | Killed a two-headed ogre
 16085 | D:11     | Reached XP level 12. HP: 58/73 MP: 11/28
 16736 | D:10     | Found a runed translucent door.
 16736 | D:10     | Noticed sirJeffrey23's ghost (journeyman DsFi)
 16743 | D:10     | Identified the +2 trident "Kioshuec" {antimagic, Contam
                  | rElec Str-2 SInv}
 17005 | Lair:1   | Entered Level 1 of the Lair of Beasts
 17005 | Lair:1   | Found a gate leading to a gauntlet.
 17013 | Gauntlet | Entered a Gauntlet
 17013 | Gauntlet | Found a transporter.
 17013 | Gauntlet | Found a transporter.
 17013 | Gauntlet | Found a transporter.
 17014 | Gauntlet | Found a transporter.
 17015 | Gauntlet | Found a transporter.
 17018 | Gauntlet | Found a transporter.
 17025 | Gauntlet | Found a transporter.
 17027 | Gauntlet | Found a transporter.
 17029 | Gauntlet | Found a transporter.
 17029 | Gauntlet | Found a transporter.
 17031 | Gauntlet | Noticed a catoblepas
 17038 | Gauntlet | Found a transporter.
 17038 | Gauntlet | Found a transporter.
 17045 | Gauntlet | Identified the +2 pair of boots "Leump" {Str+2 SInv}
 17245 | Lair:1   | Noticed a death yak
 17269 | Lair:1   | Noticed a death yak
 17368 | Lair:1   | HP: 4/73 [death yak[a torpor snail] (18)]
 17707 | Lair:1   | Reached skill level 1 in Evocations
 17898 | Lair:1   | Reached skill level 8 in Fighting
 18473 | Lair:2   | Reached skill level 2 in Evocations
 18540 | Lair:2   | Reached ***** piety under Ashenzari
 18724 | Lair:2   | Found a hole to the Spider Nest.
 18967 | Lair:2   | Reached skill level 12 in Dodging
 18967 | Lair:2   | Reached skill level 3 in Evocations
 18974 | Lair:2   | Noticed an eight-headed hydra
 19112 | Lair:2   | Killed an eight-headed hydra
 19221 | Lair:2   | Reached skill level 4 in Evocations
 19605 | Lair:2   | Noticed a death yak
 19819 | Lair:2   | Killed a death yak
 19923 | Lair:2   | Noticed an alligator
 20043 | Lair:2   | Killed an alligator
 20336 | Lair:2   | Reached skill level 11 in Spellcasting
 20979 | Lair:3   | Reached skill level 12 in Spellcasting
 20981 | Lair:3   | Reached skill level 9 in Fighting
 21310 | Lair:3   | Found a runed translucent gate.
 21310 | Lair:3   | Found a runed translucent gate.
 21310 | Lair:3   | Found a runed translucent gate.
 21311 | Lair:3   | Noticed a 12-headed hydra
 21312 | Lair:3   | Noticed Memioteh's ghost (journeyman DsMo)
 21313 | Lair:3   | Noticed a nine-headed hydra
 21345 | Lair:3   | Reached XP level 13. HP: 61/84 MP: 15/33
 21768 | Lair:3   | Noticed Kirke
 21783 | Lair:3   | Killed Kirke
 21783 | Lair:3   | Identified the cursed +0 dagger of the Chained Sage {Fort,
                  | Cun} (You took it off a kobold on level 1 of the Dungeon)
 21783 | Lair:3   | Identified the cursed +0 cloak of Ashenzari's Portent
                  | {Comp, Elem} (You found it on level 6 of the Dungeon)
 21783 | Lair:3   | Identified the cursed +2 helmet of the Eternal Sky {Alch,
                  | Bglg} (You found it on level 10 of the Dungeon)
 21783 | Lair:3   | Identified the cursed +0 pair of gloves "Vexation of
                  | Ashenzari" {Elem, Range} (You found it on level 8 of the
                  | Dungeon)
 21783 | Lair:3   | Identified the cursed +0 pair of boots of the Tethered
                  | Sphere {Cun, Bglg} (You found it on level 6 of the Dungeon)
 21783 | Lair:3   | Identified the cursed +0 kite shield "Share My Trepidation"
                  | {Alch, Evo} (You took it off a gnoll sergeant on level 10
                  | of the Dungeon)
 21783 | Lair:3   | Identified the cursed ring of the Sublime Seer {Int+6, Evo,
                  | Bglg} (You took it off a centaur on level 10 of the
                  | Dungeon)
 21784 | Lair:3   | Reached skill level 13 in Spellcasting
 21952 | Lair:3   | Found a staircase to the Swamp.
 22700 | Lair:4   | Noticed Josephine
 22721 | Lair:4   | Killed Josephine
 22722 | Lair:4   | Reached skill level 1 in Armour
 22722 | Lair:4   | Reached skill level 1 in Shields
 23149 | Lair:4   | Reached skill level 2 in Armour
 23242 | Lair:4   | Reached skill level 2 in Shields
 23810 | Lair:5   | Entered Level 5 of the Lair of Beasts
 23819 | Lair:5   | Reached skill level 3 in Shields
 24103 | Lair:5   | Reached skill level 4 in Shields
 24444 | Lair:5   | Reached skill level 5 in Shields
 24674 | Lair:5   | Identified the ring of Rationality {rElec rF+ Int+6 Dex+5}
 24952 | Lair:5   | Reached skill level 9 in Conjurations
 25559 | Lair:5   | Found a corrupted altar of Lugonu.
 25559 | Lair:5   | Found a one-way gate to the infinite horrors of the Abyss.
 25643 | Lair:4   | Reached skill level 10 in Conjurations
 25821 | Lair:4   | Reached XP level 14. HP: 91/92 MP: 14/36
 26130 | Lair:5   | Reached skill level 11 in Conjurations
 26663 | Lair:5   | Reached skill level 1 in Hexes
 26891 | Lair:5   | Found a staircase to the Slime Pits.
 26974 | Lair:5   | Found a viscous altar of Jiyva.
 27316 | Lair:5   | Reached skill level 10 in Fighting
 27939 | Orc:1    | Entered Level 1 of the Orcish Mines
 28027 | Orc:1    | Found Ylaug's Jewellery Shoppe.
 28042 | Orc:1    | Noticed Urug
 28050 | Orc:1    | Noticed Erolcha
 28269 | D:9      | Killed Urug
 28450 | Orc:1    | Killed Erolcha
 28780 | Orc:1    | Bought the ring "Nuopnose" {rN++ rCorr MP+9 Str-2 Stlth+}
                  | for 625 gold pieces
 28877 | Orc:2    | Entered Level 2 of the Orcish Mines
 28888 | Orc:2    | Reached skill level 11 in Fighting
 29407 | Orc:2    | Reached skill level 12 in Fighting
 29606 | Orc:2    | Reached skill level 14 in Spellcasting
 29766 | Orc:2    | Found Ebrim's Armour Shop.
 29835 | Orc:2    | Found Vasen's Antique Weapon Emporium.
 29836 | Orc:2    | Found Pafec's Assorted Antiques.
 29855 | Orc:2    | Found Qilajiatz's Armour Shop.
 29866 | Orc:2    | Found Eshyr Riy's Jewellery Emporium.
 29915 | Orc:2    | Found a staircase to the Elven Halls.
 30088 | Orc:2    | Bought the +1 helmet of Theory {Will+ MP+9 Str+3} for 614
                  | gold pieces
 30213 | D:12     | Reached skill level 6 in Shields
 30252 | D:12     | Identified the +5 dagger of the Penguin {elec, Dex+2}
 30475 | D:12     | Reached skill level 10 in Fire Magic
 30600 | D:12     | Reached skill level 13 in Dodging
 30641 | D:12     | Reached XP level 15. HP: 85/100 MP: 37/37
 30740 | D:12     | Noticed Azrael
 30777 | D:11     | Killed Azrael
 30938 | D:12     | Reached skill level 12 in Conjurations
 32011 | D:13     | Found a gate to the Vaults.
 32029 | D:13     | Reached skill level 13 in Conjurations
 32386 | D:13     | Found a radiant altar of Vehumet.
 33433 | D:14     | Reached skill level 14 in Conjurations
 33677 | D:14     | Identified a potion of resistance
 34132 | D:15     | Entered Level 15 of the Dungeon
 34394 | D:15     | Found a staircase to the Depths.
 34575 | D:15     | Reached skill level 15 in Spellcasting
 35618 | Spider:1 | Entered Level 1 of the Spider Nest
 36953 | Spider:1 | HP: 3/100 [demonic crawler (10)]
 36961 | Spider:1 | Slain by a sun moth

Vanquished Creatures
  Kirke (Lair:3)
  A stone giant (D:15)
  A broodmother (Spider:1)
  Azrael (D:11)
  Josephine (Lair:4)
  Erolcha (Orc:1)
  An entropy weaver (Spider:1)
  8 vault guards
  4 hydras
  14 two-headed ogres
  2 catoblepae
  2 centaur warriors
  5 boulder beetles
  An alligator (Lair:2)
  2 ogre magi (Orc:2)
  A tengu warrior (D:15)
  A death yak (Lair:2)
  Urug (D:9)
  3 thrashing horrors (Lair:5)
  Nergalle (D:10)
  A fire crab (Lair:2)
  3 large abominations (Lair:5)
  A steelbarb worm (Spider:1)
  2 deep trolls
  Pikel (D:7)
  3 deep elf pyromancers
  2 orc sorcerers (Orc:2)
  3 wolf spiders (Spider:1)
  An orc knight (D:9)
  5 manticores
  6 cyclopes
  6 ugly things
  4 black mambas
  14 elephants
  Joseph (D:7)
  Maggie (D:7)
  2 torpor snails
  9 cane toads
  A smoke demon (Lair:5)
  A demonic crawler (Spider:1)
  5 rime drakes
  3 gargoyles
  Psyche (D:10)
  A yaktaur (D:10)
  A tengu conjurer (D:15)
  3 efreet (D:15)
  4 komodo dragons
  2 ancient zymes (Lair:5)
  A queen bee (shapeshifter) (D:14)
  16 trolls
  2 hornets
  A meliai (Lair:2)
  4 tarantellas (Spider:1)
  24 blink frogs
  8 polar bears
  7 dream sheep (Lair:5)
  9 slime creatures
  3 jumping spiders (Spider:1)
  A ynoxinul (Lair:4)
  2 shadows
  34 yaks
  3 culicivoras (Spider:1)
  A wyvern (shapeshifter) (Lair:5)
  2 wyverns
  8 wraiths
  2 vampires
  4 fire elementals
  7 basilisks
  A human (shapeshifter) (D:14)
  12 small abominations (Lair:5)
  4 vampire mosquitoes
  3 hogs (Lair:3)
  3 chaos spawn (Lair:5)
  3 steam dragons
  Edmund (D:4)
  A redback (D:10)
  2 wargs (Orc:1)
  An acid dragon (D:8)
  2 hell hounds (D:12)
  Duvessa (D:4)
  12 water moccasins
  3 black bears
  4 ice beasts
  21 ogres
  11 orc warriors
  A sky beast (D:7)
  7 wolves
  13 centaurs
  A phantom (D:6)
  Blork the orc (D:6)
  9 bullfrogs
  2 necrophages
  4 kobold brigands
  2 gnoll sergeants
  A scorpion (D:6)
  10 wights
  Dowan (D:4)
  24 killer bees
  4 electric eels (Lair:2)
  3 howler monkeys
  3 hounds
  15 jellies
  6 orc priests
  Terence (D:3)
  2 iguanas
  12 orc wizards
  A hell rat (Lair:2)
  14 gnolls
  12 adders
  2 shadow imps
  4 white imps
  2 worms
  4 dart slugs
  43 orcs
  7 ball pythons
  4 bats
  7 endoplasms
  3 giant cockroaches
  2 goblins
  11 hobgoblins
  4 jackals (D:1)
  4 quokkas
  3 frilled lizards
  23 kobolds
  8 rats
  A bush (Lair:3)
  A foxfire (D:10)
645 creatures vanquished.

Vanquished Creatures (collateral kills)
  8 foxfires
8 creatures vanquished.

Vanquished Creatures (others)
  2378 foxfires
  31 fungi
  43 plants
2452 creatures vanquished.

Grand Total: 3105 creatures vanquished

Table legend: (Time is in decaauts)
 A = Elapsed time spent in this place.
 B = Non-inter-level travel time spent in this place.
 C = Inter-level travel time spent in this place.
 D = Time resting spent in this place.
 E = Time spent auto-exploring this place.
 F = Levels seen in this place.
 G = Mean time per level.
                   A        B        C        D        E       F      G
               +--------+--------+--------+--------+--------+-----+--------+
         Total |  37065 |  35147 |   1918 |  10775 |  18496 |  25 | 1482.6 |
       Dungeon |  23074 |  21862 |   1212 |   5820 |  12814 |  15 | 1538.3 |
        Temple |    121 |    112 |      9 |      0 |     97 |   1 |  121.0 |
          Lair |  11204 |  10621 |    583 |   4047 |   4455 |   5 | 2240.8 |
   Spider Nest |    723 |    721 |      2 |    249 |    337 |   1 |  723.0 |
  Orcish Mines |   1792 |   1681 |    111 |    659 |    672 |   2 |  896.0 |
      Gauntlet |    148 |    148 |      0 |      0 |    120 |   1 |  148.0 |
               +--------+--------+--------+--------+--------+-----+--------+

Top non-repeatable levels by time:
  Lair:5: 3088 daAuts
  Lair:2: 2878 daAuts
     D:9: 2654 daAuts
    D:10: 2372 daAuts
  Lair:4: 2069 daAuts
     D:1: 2017 daAuts
     D:6: 1902 daAuts
  Lair:3: 1692 daAuts
    D:11: 1655 daAuts
  Lair:1: 1476 daAuts
    D:13: 1464 daAuts
     D:8: 1431 daAuts
     D:7: 1418 daAuts
     D:3: 1382 daAuts
    D:12: 1371 daAuts

Table legend:
 A = Non-vault XP
 B = Vault XP
 C = Vault XP percentage of total XP
 D = Non-vault monster count
 E = Vault monster count
 F = Vault count percentage of total count
                 A         B        C        D         E       F
            +---------+---------+-------+---------+---------+-------
      Total |   73870 |   67365 |  47.7 |     421 |     222 |  34.5
            +---------+---------+-------+---------+---------+-------
        D:1 |      49 |       6 |  10.9 |      27 |       3 |  10.0
        D:2 |      50 |       0 |   0.0 |      13 |       0 |   0.0
        D:3 |      27 |      83 |  75.5 |       8 |      12 |  60.0
        D:4 |     323 |     385 |  54.4 |      19 |       3 |  13.6
        D:5 |     240 |       0 |   0.0 |       8 |       0 |   0.0
        D:6 |    1009 |     908 |  47.4 |      17 |      12 |  41.4
        D:7 |    1329 |    1514 |  53.3 |      27 |       3 |  10.0
        D:8 |    1894 |       0 |   0.0 |      25 |       0 |   0.0
        D:9 |    2685 |     915 |  25.4 |      31 |       7 |  18.4
       D:10 |    1979 |    7808 |  79.8 |      20 |      21 |  51.2
       D:11 |    3891 |    2107 |  35.1 |      21 |       7 |  25.0
       D:12 |    5130 |    1568 |  23.4 |      21 |       5 |  19.2
       D:13 |    5049 |    6072 |  54.6 |      10 |       8 |  44.4
       D:14 |    6411 |       0 |   0.0 |      13 |       0 |   0.0
       D:15 |    6548 |    1106 |  14.4 |      15 |       1 |   6.2
     Lair:1 |     960 |     199 |  17.2 |       5 |       1 |  16.7
     Lair:2 |    1594 |    6766 |  80.9 |      11 |      24 |  68.6
     Lair:3 |    7248 |    3468 |  32.4 |      26 |       9 |  25.7
     Lair:4 |    5300 |    3333 |  38.6 |      17 |       9 |  34.6
     Lair:5 |   14510 |   11130 |  43.4 |      42 |      50 |  54.3
   Spider:1 |    3691 |    4400 |  54.4 |       9 |       9 |  50.0
      Orc:1 |    1872 |    1575 |  45.7 |      23 |       2 |   8.0
      Orc:2 |    2081 |   14022 |  87.1 |      13 |      36 |  73.5
            +---------+---------+-------+---------+---------+-------
